Unix NetHack Version 3.7.0-95 Work-in-progress - last build Jan 1 2024 20:51:50 (6a0ccc5fa2390e420dd2d488a2f9488d2ae3a63b,branch:master). Game began 2024-01-13 10:06:23, ended 2024-01-13 10:40:48. elenmirie, lawful female human Knight ----- ----- |)!.| --------- |e..| |??]| |........#######|...| ---------- |*%+| |.......| #....| |........| |...| ####-.......| #|...| #.........| -|--- # |.......| |...| #-------|-- ## # ---+----- |...| ## # # # -|--- ## # # ### #### ## # ###### # ) # # # # # # ## # ## ### # # # ## # ---)- # ##### ------|-#### 0####....| # -.----- |......|# ---------.- # |..>-#### |.....u@B |.<....-# |.(.......-## |...| |.....| |......| |.........|# |...| |.....| |......| |.........| ----- |.....| ------|- ----------- ------- Elenmirie the Esquire St:15 Dx:8 Co:10 In:9 Wi:15 Ch:18 Lawful Dlvl:4 $:247 HP:0(27) Pw:21(21) AC:3 Xp:3/54 T:1517 Burdened Latest messages: You see here a sky blue potion. You have a little trouble lifting u - a sky blue potion. The door resists! The door opens. The grid bug bites! You get zapped! You miss the grid bug. The grid bug misses! You miss the grid bug. The grid bug bites! You get zapped! The grid bug bites! You avoid harm. You kill the grid bug! Arod misses the little dog. Arod misses the little dog. The bat bites! You miss the bat. The bat bites! The bat bites! You miss the bat. The bat misses! The bat misses! The bat bites! You miss the bat. The bat bites! Arod hits the little dog. Arod bites the little dog. The little dog bites Arod. The bat bites! You kill the bat! You stop searching. Arod hits the little dog. Arod bites the little dog. The little dog misses Arod. Arod misses the little dog. Arod misses the little dog. You hear someone cursing shoplifters. The bat misses! The bat bites! The bat misses! The bat bites! The bat just misses! The bat bites! You die... Do you want your possessions identified? [ynq] (y) y Do you want to see your attributes? [ynq] (y) y Do you want an account of creatures vanquished? [ynaq] (y) y Do you want to see your conduct and achievements? [ynq] (y) y Do you want to see the dungeon overview? [ynq] (y) y Inventory: Coins $ - 247 gold pieces Weapons a - an uncursed +1 long sword (weapon in right hand) b - an uncursed +1 lance (alternate weapon; not wielded) Armor d - an uncursed +0 helmet (being worn) f - a blessed +0 pair of leather gloves (being worn) e - a blessed +0 small shield (being worn) c - an uncursed +1 ring mail (being worn) Comestibles g - 10 uncursed apples h - 12 uncursed carrots s - an uncursed cram ration Scrolls j - a blessed scroll of identify t - a blessed scroll of magic mapping m - an uncursed scroll of stinking cloud Potions r - an uncursed potion of blindness k - a blessed potion of full healing o - an uncursed potion of healing u - a cursed potion of sickness i - an uncursed potion of speed p - 2 uncursed potions of water Tools n - an uncursed tooled horn Elenmirie the Knight's attributes: Background: You were an Esquire, a level 3 female human Knight. You were lawful, on a mission for Lugh who was opposed by Brigit (neutral) and Manannan Mac Lir (chaotic). You were right-handed. You were in the Dungeons of Doom, on level 4. You entered the dungeon 1517 turns ago. There was a new moon in effect when your adventure ended. You had 54 experience points, 26 more were needed to attain level 4. Basics: You had 0 out of 27 hit points. You had all 21 energy points (spell power). Your armor class was 3. Your wallet contained 247 zorkmids. Autopickup was on for '$' plus thrown. Final Characteristics: Your strength was 15 (limit:18/100). Your dexterity was 8 (limit:18). Your constitution was 10 (limit:18). Your intelligence was 9 (limit:18). Your wisdom was 15 (limit:18). Your charisma was 18 (limit:18). Final Status: You weren't hungry. You were burdened; movement was slightly slowed. You were wielding a long sword. You had basic skill with long sword. Final Attributes: You were devoutly aligned. You could jump. You were warded. You are dead. Miscellaneous: You never encountered a bones level. Total elapsed playing time was 34 minutes and 25 seconds. Major events: Turn 1: elenmirie the lawful female human Knight entered the dungeon 1307: attained the rank of Esquire (level 3) 1517: killed by a bat Vanquished creatures: an orc zombie an acid blob 2 giant rats 2 brown molds a yellow mold a gecko 6 jackals a kobold 2 goblins 4 sewer rats 6 grid bugs a bat 3 lichens a kobold zombie 3 newts 35 creatures vanquished. No species were genocided or became extinct. Voluntary challenges: You read items or engraved 1 time. You never engraved Elbereth. You never genocided any monsters. You never polymorphed an object. You never changed form. You used no wishes. Achievements: You entered a shop. You attained the rank of Esquire. The Dungeons of Doom: levels 1 to 4 Level 1: An altar, a fountain, some sinks. Level 2: A fountain. Level 3: Level 4: <- You were here. Final resting place for you, killed by a bat. Game over: ---------- / \ / REST \ / IN \ / PEACE \ / \ | elenmirie | | 247 Au | | killed by a bat | | | | | | | | 2024 | *| * * * | * _________)/\\_//(\/(/\)/\//\/|_)_______ Fare thee well elenmirie the Knight... You died in The Dungeons of Doom on dungeon level 4 with 589 points, and 247 pieces of gold, after 1517 moves. You were level 3 with a maximum of 27 hit points when you died.